 Dungeon Crawl Stone Soup version 0.31.0-32-g396128a36d (webtiles) character file.

Game seed: 8446240541099278855

183 TheBloodborn the Ruffian (level 5, -7/35 HPs)
             Began as an Octopode Shapeshifter on Mar 31, 2024.
             Mangled by Blork the orc
             ... wielding a +4 scimitar of holy wrath
              (11 damage)
             ... on level 4 of the Dungeon.
             The game lasted 00:04:15 (2401 turns).

TheBloodborn the Ruffian (Octopode Shapeshifter)    Turns: 2401, Time: 00:04:16

Health: -7/35      AC:  1    Str: 16    XL:     5   Next: 62%
Magic:  5/5        EV: 13    Int: 12    God:
Gold:   135        SH:  5    Dex: 11    Spells: 4/4 levels left

rFire   . . .        f - +2 dagger (venom)
rCold   . . .        (no shield)
rNeg    . . .        (helmet currently unavailable)
rPois   .            m - amulet of reflection
rElec   .            k - ring of resist corrosion
rCorr   +            (no ring)
SInv    .            (no ring)
Will    .....        (no ring)
Stlth   ++           (no ring)
HPRegen 0.25/turn    (no ring)
MPRegen 0.09/turn    (no ring)
                     (no ring)

%: reflection
@: beast-form
A: beast (slay +2), almost no armour, amphibious, 8 rings, camouflage 1,
gelatinous body 1, (nimble swimmer 1), tentacles
a: Begin Untransformation


You were on level 4 of the Dungeon.
You were a hulking beast.
You visited 1 branch of the dungeon, and saw 4 of its levels.

You collected 135 gold pieces.

Inventory:

Hand Weapons
 f - a +2 dagger of venom (weapon)
Jewellery
 k - a ring of resist corrosion (left tentacle)
 m - an amulet of reflection (around mantle)
Talismans
 b - a beast talisman
 c - a flux talisman
Scrolls
 d - a scroll of immolation {unknown}
 g - 2 scrolls of identify {unknown}
 i - 2 scrolls of poison {unknown}
Potions
 a - a potion of lignification
 e - a potion of curing {unknown}
 h - a potion of mutation {unknown}
 j - 2 potions of might {unknown}
 l - a potion of cancellation {unknown}
 n - a potion of attraction {unknown}


   Skills:
 + Level 2.4 Fighting
 - Level 0.1 Short Blades
 - Level 2.0 Dodging
 * Level 4.4 Unarmed Combat
 * Level 4.2 Shapeshifting


You had 4 spell levels left.
You didn't know any spells.
Your spell library contained the following spells:

 Spells                   Type           Power      Damage    Failure   Level
 Sandblast                Erth           0%         2d4       32%         1
 Shock                    Conj/Air       0%         1d3       32%         1
 Ozocubu's Armour         Ice            0%         N/A       69%         3
 Passwall                 Erth           0%         N/A       69%         3
 Stone Arrow              Conj/Erth      0%         3d7       69%         3
 Swiftness                Air            0%         N/A       69%         3
 Airstrike                Air            0%         2d(0-16)  97%         4
 Brom's Barrelling Bould  Conj/Erth      0%         2d3       97%         4
 Metabolic Englaciation   Hex/Ice        0%         N/A       100%        5
 Sculpt Simulacrum        Ice/Alch       0%         N/A       100%        6


Dungeon Overview and Level Annotations

Branches:
Dungeon (4/15)
 Temple: D:4-7

Altars:
Qazlal

Annotations:
D:4 Blork the orc


Innate Abilities, Weirdness & Mutations

You are a hulking beast.
Your limbs bulge with bestial killing power. (Slay +2)
You cannot wear most types of armour.
You are amphibious.
You can wear up to eight rings at the same time.
Your skin changes colour to match your surroundings (Stealth+).
Your rubbery body absorbs attacks. (AC +1, EV +1)
((You are camouflaged when in or above water. (Stealth+)))
You have tentacles for arms and can constrict up to eight enemies at once.


Message History

You climb upwards.
There is a stone staircase leading down here.
You start resting.
HP restored.
You climb downwards.
There is a stone staircase leading up here.
Blork the orc comes into view.
He is wielding a +4 scimitar of holy wrath.
Found 7 gold pieces and 4 curare-tipped darts.
Blork the orc shouts!
You hear a bark!
Found 12 gold pieces.
Found 7 gold pieces.
A hound comes into view.
Blork the orc barely misses you.
You hit Blork the orc.
Blork the orc is poisoned.
You grab Blork the orc.
Blork the orc is lightly wounded.
You constrict Blork the orc.
Blork the orc casts a spell.
Blork the orc seems to speed up.
You hit Blork the orc.
Blork the orc looks as sick as possible!
Blork the orc is moderately wounded.
You constrict Blork the orc.
Blork the orc hits you with a +4 scimitar of holy wrath!
Blork the orc hits you with a +4 scimitar of holy wrath.
You hit Blork the orc but do no damage.
Blork the orc looks as sick as possible!
You tentacle-slap Blork the orc.
Blork the orc is heavily wounded.
You constrict Blork the orc. The hound barely misses you.
Blork the orc barely misses you. The hound bites you.
A ribbon worm comes into view.
You hit Blork the orc.
Blork the orc looks as sick as possible!
Blork the orc is severely wounded.
You constrict Blork the orc.
Blork the orc hits you with a +4 scimitar of holy wrath!
* * * LOW HITPOINT WARNING * * *
You block the hound's attack.
Blork the orc hits you with a +4 scimitar of holy wrath!
You die...

......)....#.........
.............<.......
($...................
...##................
.....................
. ##.........##.#....
#.............#.##.
#..............# #
......$.h....##..
.......oh...# .
............#
.##..........#
#(.........$..
#..........$...
..###.$........ .#
......w....


You could see Blork the orc (fast, extremely poisoned), a ribbon worm and a
hound.

Vanquished Creatures
  2 bombardier beetles (D:3)
  A sleepcap (D:3)
  4 adders
  5 orcs
  A ball python (D:2)
  4 endoplasms
  3 giant cockroaches
  4 goblins
  4 hobgoblins
  4 quokkas
  3 bats
  10 frilled lizards
  3 kobolds
  3 rats
51 creatures vanquished.

Notes
Turn   | Place    | Note
-------+----------+-------------------------------------------
     0 | D:1      | TheBloodborn the Octopode Shapeshifter began the quest for
                  | the Orb.
     0 | D:1      | Reached XP level 1. HP: 13/13 MP: 1/1
   327 | D:1      | Reached XP level 2. HP: 18/18 MP: 2/2
   904 | D:2      | Reached XP level 3. HP: 23/23 MP: 3/3
  1553 | D:3      | Reached XP level 4. HP: 29/29 MP: 4/4
  1584 | D:3      | Reached XP level 5. HP: 34/34 MP: 5/5
  1746 | D:3      | Found a stormy altar of Qazlal.
  2394 | D:4      | Noticed Blork the orc
  2401 | D:4      | Mangled by Blork the orc

Illustrated notes

Levels and vault maps discovered:
D:1:      lemuel_arrival_cross, layout_loops_corners, minmay_lizard_king
D:2:      layout_basic
D:3:      layout_loops_ring, mainiacjoe_overflow_24_doors
D:4:      layout_cave_pools, minmay_temple_entry_enclosed_plants, uniq_pikel,
          uniq_blork_the_orc

Skill      XL: |  1  2  3  4 |
---------------+-------------+-----
Fighting       | 2 |  2.4
Unarmed Combat | 4 |  4.4
Shapeshifting  | 4 |  4.2
Short Blades   | |  0.1
Dodging        | |  2.0

Action                     |  1- 3 |  4- 6 || total
---------------------------+-------+-------++-------
  Melee: Unarmed           |    32 |       ||    32
         Tentacles         |    13 |     9 ||    22
         Constrict         |    13 |     9 ||    22
         Dagger            |    22 |    36 ||    58
         Punch             |     1 |     2 ||     3
   Stab: Sleeping          |    10 |     6 ||    16
 Armour: Skin              |    17 |    20 ||    37
  Dodge: Dodged            |    21 |    17 ||    38
  Block: Other             |       |     5 ||     5
